 Dungeon Crawl Stone Soup version 0.24-a0-434-gd57e52fea8 (webtiles) character file.

Game seed: 17888899912471193299

631 Krouwed the Grasshopper (level 7, -4/59 HPs)
             Began as a Black Draconian Warper on June 17, 2019.
             Shot with an arrow by a centaur (10 damage)
             ... on level 5 of the Dungeon.
             The game lasted 00:27:44 (5381 turns).

Krouwed the Grasshopper (Black Draconian Warper)    Turns: 5381, Time: 00:27:45

Health: -4/59      AC:  7    Str: 13    XL:     7   Next: 24%
Magic:  0/12       EV: 13    Int: 15    God:
Gold:   168        SH:  0    Dex: 11    Spells: 8/12 levels left

rFire    + . .     SeeInvis .   y - +0 falchion
rCold    . . .     Gourm    .   (no shield)
rNeg     . . .     Faith    .   (armour unavailable)
rPois    +         Spirit   .   (helmet restricted)
rElec    +         Reflect  .   (no cloak)
rCorr    .         Harm     .   i - +0 pair of gloves
MR       .....                  (no boots)
Stlth    +.........             (no amulet)
HPRegen  0.19/turn              e - ring of protection from fire
MPRegen  0.13/turn              h - ring of poison resistance

@: short of breath, very slightly contaminated
A: breathe lightning, unfitting armour, electricity resistance, cold-blooded, AC
+6
a: Breathe Lightning


You were on level 5 of the Dungeon.
You were hungry.

You visited 1 branch of the dungeon, and saw 5 of its levels.

You collected 168 gold pieces.

Inventory:

Hand Weapons
 p - a +1 short sword of speed
 r - a +0 hunting sling of freezing
 y - a +0 falchion (weapon)
Missiles
 f - 9 boomerangs (quivered)
 m - 4 curare-tipped darts
 s - 46 stones
Armour
 i - a +0 pair of gloves (worn)
Jewellery
 e - a ring of protection from fire (left hand)
 h - a ring of poison resistance (right hand)
 k - a cursed -2 ring of strength {unknown}
Wands
 n - a wand of paralysis (5)
 v - a wand of flame (16)
Scrolls
 a - 2 scrolls of amnesia
 b - 2 scrolls of blinking
 c - a scroll of immolation {unknown}
 g - a scroll of noise
 j - a scroll of remove curse {unknown}
 o - a scroll of magic mapping {unknown}
 u - a scroll of enchant armour {unknown}
Potions
 l - a potion of agility
 q - a potion of heal wounds {unknown}
 t - a potion of flight
 w - a potion of berserk rage {unknown}
Comestibles
 d - 7 rations
 x - 3 chunks of flesh


   Skills:
 + Level 4.1 Fighting
 + Level 1.3 Long Blades
 - Level 1.0 Throwing
 + Level 3.5 Dodging
 - Level 3.3 Unarmed Combat
 + Level 3.4 Spellcasting
 + Level 2.5 Charms
 + Level 4.2 Translocations


You had 8 spell levels left.
You knew the following spells:

 Your Spells              Type           Power        Failure   Level  Hunger
a - Blink                 Tloc           N/A          4%          2    ##.....
b - Shroud of Golubria    Chrm/Tloc      ##....       7%          2    ##.....

Your spell library contained the following spells:

 Spells                   Type           Power        Failure   Level  Hunger
 Apportation              Tloc           ###...       3%          1    None
 Gell's Gravitas          Tloc           ###.......   10%         3    ###....
 Lesser Beckoning         Tloc           ###.......   10%         3    ###....
 Teleport Other           Tloc           ###.....     10%         3    ###....
 Animate Skeleton         Necr           N/A          19%         1    None
 Confusing Touch          Hex            #.....       19%         1    None
 Corona                   Hex            #......      19%         1    None
 Summon Small Mammal      Summ           #...         19%         1    None
 Ensorcelled Hibernation  Hex/Ice        #.....       28%         2    ##.....
 Passage of Golubria      Tloc           N/A          32%         4    ####...
 Confuse                  Hex            #.......     50%         3    ###....
 Dazzling Spray           Conj/Hex       #.....       50%         3    ###....
 Tukima's Dance           Hex            #.......     50%         3    ###....


Dungeon Overview and Level Annotations

Branches:
Dungeon (5/15)
 Temple: D:4-7

Altars:
Cheibriados
Kikubaaqudgha
Qazlal
Uskayaw
The Shining One

Shops:
D:4 (


Innate Abilities, Weirdness & Mutations

You can breathe wild blasts of lightning.
Your glossy black scales are hard. (AC +6)
You cannot fit into any form of body armour.
You are resistant to electric shocks. (rElec)
You are cold-blooded and may be slowed by cold attacks.


Message History

Casting: Blink (safe; 4% risk of failure)
Confirm with . or Enter, or press ? or * to list all spells.
You miscast Blink.
You are very lightly contaminated with residual magic.
You feel a wrenching sensation.
Casting: Blink (safe; 4% risk of failure)
Confirm with . or Enter, or press ? or * to list all spells.
You blink.
The centaur shoots an arrow.
The arrow hits you but does no damage.
A crimson imp comes into view.
Casting: Blink (safe; 4% risk of failure)
Confirm with . or Enter, or press ? or * to list all spells.
You blink.
The crimson imp shouts!
The crimson imp blinks!
Found a scroll labeled HIJOTIF OHARGHA.
Found a stone staircase leading down.
Casting: Blink (safe; 4% risk of failure)
Confirm with . or Enter, or press ? or * to list all spells.
You miscast Blink.
You feel uncomfortable.
The centaur shoots an arrow.
The arrow hits you!
You die...

... #.# .. .... .. ..
#.#.### ..> .##.#....
... ....##..# #.##.
##.###...#..#......
#......r.#..#......
#ยง...........
..####....@#...
....................
... .. .[.#c#.........
...##.######.#.#....?..
#...........c#.#.....#.
#...............#..###
#...........##.....#
#...........####....
#..........## ...


You could see a centaur and a quokka.

Vanquished Creatures
  A phantom (D:4)
  A centaur (D:5)
  A crimson imp (D:4)
  A jelly (D:1)
  Terence (D:3)
  Natasha (thrice) (D:3)
  Ijyb (D:3)
  2 orc wizards (D:4)
  A worker ant (D:4)
  4 adders
  2 oozes
  An adder skeleton (D:4)
  7 worms
  5 dart slugs
  5 leopard geckos
  8 orcs
  A ball python (D:5)
  12 bats
  6 giant cockroaches
  13 goblins
  9 hobgoblins
  6 jackals
  4 quokkas
  3 frilled lizards
  12 kobolds
  8 rats
118 creatures vanquished.

Notes
Turn   | Place    | Note
-------+----------+-------------------------------------------
     0 | D:1      | Krouwed the Draconian Warper began the quest for the Orb.
     0 | D:1      | Reached XP level 1. HP: 17/17 MP: 3/3
   102 | D:1      | Reached skill level 1 in Throwing
   464 | D:1      | Reached XP level 2. HP: 22/25 MP: 5/5
   468 | D:1      | Learned a level 2 spell: Blink
   478 | D:1      | Learned a level 2 spell: Shroud of Golubria
   819 | D:1      | Reached XP level 3. HP: 26/30 MP: 6/6
  1361 | D:2      | Reached skill level 1 in Charms
  1361 | D:2      | Reached XP level 4. HP: 32/37 MP: 4/7
  1423 | D:2      | Found a glowing golden altar of the Shining One.
  1707 | D:2      | Found a snail-covered altar of Cheibriados.
  1864 | D:2      | Reached XP level 5. HP: 31/45 MP: 8/8
  2077 | D:2      | Noticed an ice beast
  2604 | D:3      | Noticed Natasha
  2622 | D:3      | HP: 2/45 [rat (1)]
  2634 | D:3      | HP: 1/67 [Natasha (4)]
  2636 | D:3      | Killed Natasha
  3205 | D:3      | Noticed Ijyb
  3585 | D:3      | Noticed Natasha
  3607 | D:3      | Killed Ijyb
  3609 | D:3      | Killed Natasha
  3739 | D:3      | Noticed Natasha
  3749 | D:3      | Killed Natasha
  3749 | D:3      | Reached XP level 6. HP: 46/51 MP: 6/10
  3859 | D:3      | Noticed Terence
  3883 | D:3      | Killed Terence
  3911 | D:3      | Found a stormy altar of Qazlal.
  4117 | D:4      | Found an ancient bone altar of Kikubaaqudgha.
  4145 | D:4      | Found a hide-covered altar of Uskayaw.
  4649 | D:4      | Found Igaduyn's Weapon Emporium.
  4963 | D:4      | Reached skill level 1 in Long Blades
  4963 | D:4      | Your scales start taking on a glossy black colour.
  4963 | D:4      | Reached XP level 7. HP: 50/59 MP: 11/11
  4963 | D:4      | Gained mutation: You are resistant to electric shocks.
                  | (rElec) [Black Draconian growth]
  5237 | D:5      | Entered Level 5 of the Dungeon
  5381 | D:5      | Shot with an arrow by a centaur

Levels and vault maps discovered:
D:1:      matt_arrival_diagonals, layout_basic, minmay_3d_cube
D:2:      layout_rooms, lemuel_doored_altar, kennysheep_slug_shrine
D:3:      layout_basic, first_ration, grunt_qazlal_clouds, uniq_natasha,
          uniq_terence, uniq_ijyb
D:4:      layout_loops_ring, chequers_temple_overflow_statue_of_worship,
          serial_shops, nicolae_shop_trees
D:5:      layout_rooms, kennysheep_mini_moat

Skill      XL: |  1  2  3  4  5  6 |
---------------+-------------------+-----
Throwing       | 1 |  1.0
Charms         | 1 2 |  2.5
Fighting       | 3 4 |  4.1
Unarmed Combat | 3 |  3.3
Dodging        | 3 |  3.5
Spellcasting   | 3 |  3.4
Translocations | 4 |  4.2
Long Blades    | 1 |  1.3

Action                   |  1- 3 |  4- 6 |  7- 9 || total
-------------------------+-------+-------+-------++-------
Melee: Unarmed           |   177 |   458 |       ||   635
       Tailslap          |    13 |    54 |     5 ||    72
       Punch             |     1 |     2 |       ||     3
       Falchion          |       |    55 |    24 ||    79
Throw: Boomerang         |     3 |    27 |     5 ||    35
       Dart              |       |     3 |       ||     3
 Cast: Shroud of Golubri |     4 |    25 |     2 ||    31
       Blink             |       |     9 |     4 ||    13
 Abil: Breathe Lightning |       |       |     2 ||     2
Evoke: Wand              |       |     6 |       ||     6
  Use: Scroll            |     1 |     3 |       ||     4
       Potion            |       |     9 |       ||     9
 Stab: Sleeping          |     2 |       |       ||     2
       Paralysed         |       |    15 |       ||    15
  Eat: Chunk             |     2 |    14 |     2 ||    18
Armor: Skin              |    54 |   209 |     7 ||   270
Dodge: Dodged            |    99 |   391 |    17 ||   507
       Rpst.: Falchion   |       |    10 |     2 ||    12

Table legend:
 A = Non-vault XP
 B = Vault XP
 C = Vault XP percentage of total XP
 D = Non-vault monster count
 E = Vault monster count
 F = Vault count percentage of total count
                 A         B        C        D         E       F
            +---------+---------+-------+---------+---------+-------
      Total |     776 |     126 |  14.0 |     109 |       9 |   7.6
            +---------+---------+-------+---------+---------+-------
        D:1 |      91 |      11 |  10.8 |      30 |       5 |  14.3
        D:2 |     104 |       4 |   3.7 |      29 |       1 |   3.3
        D:3 |     144 |     111 |  43.5 |      31 |       3 |   8.8
        D:4 |     319 |       0 |   0.0 |      15 |       0 |   0.0
        D:5 |     118 |       0 |   0.0 |       4 |       0 |   0.0
            +---------+---------+-------+---------+---------+-------
